MID
WEST MICHIGAN WHITECAPS @ LAKE COUNTY CAPTAINS
04/17/2099
 
TOP OF THE 1ST
West Michigan Whitecaps batting - Pitching for Lake County Captains : RHP Andy Washburn
Pitching: RHP Andy Washburn
Batting: RHB Adam Anderson 0-0: Ball
1-0: Fly out, F8 (Flyball, 8LM, EV 93.1 MPH)
Batting: SHB Casey Jones 0-0: Ball
1-0: Called Strike
1-1: Ball
2-1: Foul Ball, location: 2F
2-2: Ball
3-2: Strikes out swinging
Batting: LHB Chris Visser 0-0: Ball
1-0: Called Strike
1-1: Ground out 5-3 (Groundball, 5S, EV 83.1 MPH)
Top of the 1st over - 0 runs, 0 hits, 0 errors, 0 left on base; West Michigan 0 - Lake County 0
BOTTOM OF THE 1ST
Lake County Captains batting - Pitching for West Michigan Whitecaps : RHP Alejandro Alvarado
Pitching: RHP Alejandro Alvarado
Batting: LHB Matt Beard 0-0: SINGLE (Groundball, 3D, EV 106.9 MPH)
Batting: SHB Collin Hays 0-0: Called Strike
0-1: Ball
1-1: DOUBLE (Line Drive, 7LM, EV 101.3 MPH)
Matt Beard to third
Batting: LHB Max Schmidt 0-0: Ball
1-0: Ground out 4-3 (Groundball, 4S, EV 73.1 MPH)
Matt Beard scores
Collin Hays to third
Batting: RHB Justin Stevenson 0-0: Fly out, F7 (Flyball, 7, EV 96.9 MPH)
Runner from 3rd tags up, SCORES, throw by LF
Batting: RHB Carlos Adame 0-0: Ground out U3 (Groundball, 34, EV 103.8 MPH)
Bottom of the 1st over - 2 runs, 2 hits, 0 errors, 0 left on base; West Michigan 0 - Lake County 2
TOP OF THE 2ND
West Michigan Whitecaps batting - Pitching for Lake County Captains : RHP Andy Washburn
Batting: LHB Steve Diamond 0-0: Fly out, F9 (Flyball, 9, EV 85.6 MPH)
Batting: RHB Quincy Behan 0-0: Ball
1-0: Fly out, F6 (Popup, 4MD, EV 51.9 MPH)
Batting: RHB David Titsworth 0-0: Ground out 6-3 (Groundball, 6, EV 61.9 MPH)
Top of the 2nd over - 0 runs, 0 hits, 0 errors, 0 left on base; West Michigan 0 - Lake County 2
BOTTOM OF THE 2ND
Lake County Captains batting - Pitching for West Michigan Whitecaps : RHP Alejandro Alvarado
Batting: RHB Alex Avitia 0-0: Called Strike
0-1: Ball
1-1: Fly out, F9 (Flyball, 9D, EV 89.4 MPH)
Batting: RHB Jesus Sanchez 0-0: Called Strike
0-1: TRIPLE (Line Drive, 8RXD, EV 105.6 MPH)
Batting: RHB Izzy Franco 0-0: Swinging Strike
0-1: Ground out 6-3 (Groundball, 6, EV 83.8 MPH)
Jesus Sanchez scores
Batting: RHB Ralph Monti 0-0: Ground out 6-3 (Groundball, 56, EV 85.0 MPH)
Bottom of the 2nd over - 1 run, 1 hit, 0 errors, 0 left on base; West Michigan 0 - Lake County 3
TOP OF THE 3RD
West Michigan Whitecaps batting - Pitching for Lake County Captains : RHP Andy Washburn
Batting: RHB Brett McFarren 0-0: Ball
1-0: SINGLE (Groundball, 6D, EV 98.1 MPH)
Batting: RHB William Rangnow 0-0: Ball
1-0: Swinging Strike
1-1: Swinging Strike
1-2: Ball
2-2: Strikes out swinging
Batting: LHB Jim Unknown 0-0: Called Strike
0-1: Foul Ball, location: 3F
0-2: Ball
1-2: Strikes out looking
Batting: RHB Adam Anderson 0-0: Foul Ball, location: 2F
0-1: Ball
1-1: Ball
2-1: Fly out, F7 (Line Drive, 7S, EV 95.0 MPH)
Top of the 3rd over - 0 runs, 1 hit, 0 errors, 1 left on base; West Michigan 0 - Lake County 3
BOTTOM OF THE 3RD
Lake County Captains batting - Pitching for West Michigan Whitecaps : RHP Alejandro Alvarado
Batting: LHB Matt Beard 0-0: Ball
1-0: Ground out 6-3 (Groundball, 56, EV 91.3 MPH)
Batting: SHB Collin Hays 0-0: Called Strike
0-1: Fly out, F8 (Flyball, 78D, EV 98.8 MPH)
Batting: LHB Max Schmidt 0-0: Ball
1-0: Ball
2-0: Ball
3-0: Foul Ball, location: 25F
3-1: Base on Balls
Batting: RHB Justin Stevenson 0-0: Ball
1-0: Ball
2-0: Foul Ball, location: 7LSF
2-1: Ball
3-1: Called Strike
3-2: Base on Balls
Max Schmidt to second
Batting: RHB Carlos Adame 0-0: Ball
1-0: Foul Ball, location: 9LMF
1-1: Swinging Strike
1-2: Strikes out swinging
Bottom of the 3rd over - 0 runs, 0 hits, 0 errors, 2 left on base; West Michigan 0 - Lake County 3
TOP OF THE 4TH
West Michigan Whitecaps batting - Pitching for Lake County Captains : RHP Andy Washburn
Batting: SHB Casey Jones 0-0: Called Strike
0-1: Ball
1-1: Called Strike
1-2: DOUBLE (Flyball, 8RXD, EV 97.5 MPH)
Batting: LHB Chris Visser 0-0: Foul Ball, location: 5F
0-1: Swinging Strike
0-2: Ball
1-2: Ball
2-2: Ball
3-2: Foul Ball, location: 2F
3-2: Ground out U3 (Groundball, 3, EV 92.5 MPH)
Casey Jones to third
Batting: LHB Steve Diamond 0-0: Ball
1-0: Foul Ball, location: 9LMF
1-1: Swinging Strike
1-2: Strikes out looking
Batting: RHB Quincy Behan 0-0: Ball
1-0: Fly out, F3 (Popup, 23F, EV 78.8 MPH)
Top of the 4th over - 0 runs, 1 hit, 0 errors, 1 left on base; West Michigan 0 - Lake County 3
BOTTOM OF THE 4TH
Lake County Captains batting - Pitching for West Michigan Whitecaps : RHP Alejandro Alvarado
Batting: RHB Alex Avitia 0-0: Ball
1-0: Ball
2-0: Ball
3-0: Base on Balls
Batting: RHB Jesus Sanchez 0-0: Called Strike
0-1: SINGLE (Line Drive, 6M, EV 94.4 MPH)
Alex Avitia to second
Batting: RHB Izzy Franco 0-0: Called Strike
0-1: DOUBLE (Flyball, 78D, EV 102.5 MPH)
Alex Avitia scores
Jesus Sanchez to third
Batting: RHB Ralph Monti 0-0: Foul Ball, location: 9LSF
0-1: Ball
1-1: Ball
2-1: Foul Ball, location: 9LDF
2-2: Ball
3-2: TRIPLE (Line Drive, 7D, EV 100.6 MPH)
Jesus Sanchez scores
Izzy Franco scores
Pitching: RHP Jim Unknown
Batting: LHB Matt Beard 0-0: Fly out, F5 (Popup, 25F, EV 82.5 MPH)
Batting: SHB Collin Hays 0-0: Ball
1-0: Called Strike
1-1: Foul Ball, location: 2F
1-2: Strikes out swinging
Batting: LHB Max Schmidt 0-0: Called Strike
0-1: Ball
1-1: SINGLE (Popup, 56D, EV 62.5 MPH)
Ralph Monti scores
Batting: RHB Justin Stevenson 0-0: Ball
1-0: 2-RUN HOME RUN (Flyball, 7D, EV 98.8 MPH), Distance : 392 ft
Batting: RHB Carlos Adame 0-0: Ball
1-0: Ball
2-0: Called Strike
2-1: SINGLE (Flyball, 89S, EV 98.1 MPH)
Batting: RHB Alex Avitia 0-0: Foul Ball, location: 3F
0-1: Ball
1-1: Foul Ball, location: 5F
1-2: Ball
2-2: Fly out, F7 (Line Drive, 7, EV 90.0 MPH)
Bottom of the 4th over - 6 runs, 6 hits, 0 errors, 1 left on base; West Michigan 0 - Lake County 9
TOP OF THE 5TH
West Michigan Whitecaps batting - Pitching for Lake County Captains : RHP Andy Washburn
Batting: RHB David Titsworth 0-0: Ball
1-0: Called Strike
1-1: SINGLE (Line Drive, 89S, EV 110.6 MPH)
Batting: RHB Brett McFarren 0-0: Foul Ball, location: 7LMF
0-1: Ball
1-1: Ball
2-1: Swinging Strike
David Titsworth steals 2nd base
2-2: Ground out 1-3 (Groundball, 13S, EV 73.1 MPH)
Batting: RHB William Rangnow 0-0: Ball
1-0: Foul Ball, location: 9LDF
1-1: Called Strike
1-2: Strikes out swinging
Batting: LHB Jim Unknown 0-0: Ball
1-0: Swinging Strike
1-1: Ball
2-1: Swinging Strike
2-2: Strikes out swinging
Top of the 5th over - 0 runs, 1 hit, 0 errors, 1 left on base; West Michigan 0 - Lake County 9
BOTTOM OF THE 5TH
Lake County Captains batting - Pitching for West Michigan Whitecaps : RHP Jim Unknown
Batting: RHB Jesus Sanchez 0-0: Ball
1-0: Ball
2-0: SINGLE (Line Drive, 7S, EV 109.4 MPH)
Batting: RHB Izzy Franco 0-0: Foul Ball, location: 2F
0-1: Ball
1-1: Foul Ball, location: 2F
1-2: SINGLE (Groundball, 34D, EV 101.9 MPH)
Jesus Sanchez to second
Runner from 2nd tries for 3rd, SAFE, no throw by RF
Batting: RHB Ralph Monti 0-0: Ball
1-0: SINGLE (Line Drive, 7LS, EV 92.5 MPH)
Jesus Sanchez scores
Izzy Franco to second
Batting: LHB Matt Beard 0-0: Foul Ball, location: 2F
0-1: SINGLE (Line Drive, 8LS, EV 88.8 MPH)
Izzy Franco to third
Ralph Monti to second
Batting: SHB Collin Hays 0-0: Called Strike
0-1: Ball
Wild Pitch!
Izzy Franco scores
Ralph Monti to third
Matt Beard to second
1-1: Ball
2-1: DOUBLE (Line Drive, 5D, EV 95.6 MPH)
Ralph Monti scores
Matt Beard scores
Pitching: RHP Jim Unknown
Batting: LHB Max Schmidt 0-0: SINGLE (Line Drive, 8RS, EV 108.1 MPH)
Collin Hays to third
Batting: RHB Justin Stevenson 0-0: SINGLE (Line Drive, 56D, EV 93.8 MPH)
Collin Hays scores
Max Schmidt to second
Batting: RHB Carlos Adame 0-0: Ball
1-0: Ball
2-0: Ground out U3 (Groundball, 3S, EV 66.9 MPH)
Max Schmidt to third
Justin Stevenson to second
Batting: RHB Alex Avitia 0-0: Foul Ball, location: 5F
0-1: Fly out, F8 (Line Drive, 8RD, EV 85.0 MPH)
Runner from 3rd tags up, SCORES, throw by CF
Justin Stevenson to third
Batting: RHB Jesus Sanchez 0-0: Called Strike
0-1: Hit by Pitch
Batting: RHB Izzy Franco 0-0: Ball
1-0: Ground out 3-1 (Groundball, 34, EV 101.9 MPH)
Bottom of the 5th over - 6 runs, 7 hits, 0 errors, 2 left on base; West Michigan 0 - Lake County 15
TOP OF THE 6TH
West Michigan Whitecaps batting - Pitching for Lake County Captains : RHP Andy Washburn
Batting: RHB Adam Anderson 0-0: Swinging Strike
0-1: Called Strike
0-2: Strikes out looking
Batting: SHB Casey Jones 0-0: Ball
1-0: Called Strike
1-1: Foul Ball, location: 5F
1-2: Ground out U3 (Groundball, 3L, EV 102.5 MPH)
Batting: LHB Chris Visser 0-0: Ball
1-0: Called Strike
1-1: Swinging Strike
1-2: Ground out 6-3 (Groundball, 56, EV 105.0 MPH)
Top of the 6th over - 0 runs, 0 hits, 0 errors, 0 left on base; West Michigan 0 - Lake County 15
BOTTOM OF THE 6TH
Lake County Captains batting - Pitching for West Michigan Whitecaps : RHP Jim Unknown
Batting: RHB Ralph Monti 0-0: SOLO HOME RUN (Flyball, 7D, EV 100.0 MPH), Distance : 391 ft
Batting: LHB Matt Beard 0-0: Fly out, F8 (Flyball, 8LD, EV 100.6 MPH)
Batting: SHB Collin Hays 0-0: Foul Ball, location: 2RF
0-1: SOLO HOME RUN (Flyball, 9D, EV 99.4 MPH), Distance : 374 ft
Batting: LHB Max Schmidt 0-0: Ball
1-0: Swinging Strike
1-1: Ground out 4-3 (Groundball, 34, EV 86.3 MPH)
Batting: RHB Justin Stevenson 0-0: Ball
1-0: SINGLE (Line Drive, 34D, EV 102.5 MPH)
Batting: RHB Carlos Adame 0-0: Ball
1-0: Foul Ball, location: 2F
1-1: Ball
2-1: Ground out 6-3 (Groundball, 6S, EV 88.8 MPH)
Bottom of the 6th over - 2 runs, 3 hits, 0 errors, 1 left on base; West Michigan 0 - Lake County 17
TOP OF THE 7TH
West Michigan Whitecaps batting - Pitching for Lake County Captains : RHP Andy Washburn
Batting: LHB Steve Diamond 0-0: Ball
1-0: Ball
2-0: Ball
3-0: Called Strike
3-1: Base on Balls
Pinch Hitting: RHB Jim Unknown 0-0: Ball
1-0: Ball
2-0: Called Strike
2-1: Called Strike
2-2: Grounds into double play, 5-4-3 (Groundball, 56S, EV 80.6 MPH)
Batting: RHB David Titsworth 0-0: Ball
1-0: Called Strike
1-1: Ball
2-1: SINGLE (Line Drive, 7S, EV 106.9 MPH)
Batting: RHB Brett McFarren 0-0: Foul Ball, location: 9LSF
0-1: DOUBLE (Flyball, 8LXD, EV 95.0 MPH)
David Titsworth to third
Runner from 3rd tries for Home, SAFE, throw by CF to home
Batting: RHB William Rangnow 0-0: Foul Ball, location: 9LSF
0-1: Ball
1-1: Swinging Strike
1-2: Ball
2-2: Strikes out swinging
Top of the 7th over - 1 run, 2 hits, 0 errors, 1 left on base; West Michigan 1 - Lake County 17
BOTTOM OF THE 7TH
Lake County Captains batting - Pitching for West Michigan Whitecaps : RHP Jim Unknown
Now at 3B: Jim Unknown
Now at SS: David Titsworth
Batting: RHB Alex Avitia 0-0: Called Strike
0-1: Foul Ball, location: 9LMF
0-2: Ball
1-2: Ball
2-2: Foul Ball, location: 2F
2-2: Foul Ball, location: 2F
2-2: Fly out, F5 (Line Drive, 56, EV 103.8 MPH)
Batting: RHB Jesus Sanchez 0-0: Foul Ball, location: 5FF
0-1: Ball
1-1: Ball
2-1: Fly out, F8 (Flyball, 8LD, EV 97.5 MPH)
Batting: RHB Izzy Franco 0-0: Called Strike
0-1: Foul Ball, location: 2F
0-2: SINGLE (Line Drive, 4MD, EV 94.4 MPH)
Batting: RHB Ralph Monti 0-0: Ball
1-0: Foul Ball, location: 5F
1-1: Foul Ball, location: 7LSFF
1-2: Foul Ball, location: 7LMF
1-2: Strikes out swinging
Bottom of the 7th over - 0 runs, 1 hit, 0 errors, 1 left on base; West Michigan 1 - Lake County 17
TOP OF THE 8TH
West Michigan Whitecaps batting - Pitching for Lake County Captains : RHP Andy Washburn
Batting: LHB Jim Unknown 0-0: Called Strike
0-1: Ball
1-1: Ball
2-1: Fly out, F8 (Flyball, 8LD, EV 103.1 MPH)
Pinch Hitting: RHB Jim Unknown 0-0: Ball
1-0: Called Strike
1-1: Ball
2-1: Foul Ball, location: 2LF
2-2: Ball
3-2: Foul Ball, location: 5SF
3-2: DOUBLE (Flyball, 89XD, EV 111.9 MPH)
Batting: SHB Casey Jones 0-0: Reached on error, E4 (Groundball, 4, EV 103.8 MPH)
Batting: LHB Chris Visser 0-0: Foul Ball, location: 5DF
0-1: Ball
1-1: Ball
2-1: Ball
3-1: Fly out, F6 (Line Drive, 56, EV 68.8 MPH)
Lined into DP, 6-4 (Line Drive, 56, EV 68.8 MPH)
Top of the 8th over - 0 runs, 1 hit, 1 error, 1 left on base; West Michigan 1 - Lake County 17
BOTTOM OF THE 8TH
Lake County Captains batting - Pitching for West Michigan Whitecaps : RHP Jim Unknown
Now in LF: Jim Unknown
Pinch Hitting: RHB Brian Fry 0-0: Foul Ball, location: 2F
0-1: Ball
1-1: Called Strike
1-2: SINGLE (Line Drive, 8RS, EV 108.8 MPH)
Batting: SHB Collin Hays 0-0: Foul Ball, location: 2F
0-1: Ball
1-1: Foul Ball, location: 2F
1-2: Grounds into double play, 4-6-3 (Groundball, 4, EV 85.6 MPH)
Batting: LHB Max Schmidt 0-0: Foul Ball, location: 7LSF
0-1: Ball
1-1: Fly out, F8 (Flyball, 8LD, EV 81.9 MPH)
Bottom of the 8th over - 0 runs, 1 hit, 0 errors, 0 left on base; West Michigan 1 - Lake County 17
TOP OF THE 9TH
West Michigan Whitecaps batting - Pitching for Lake County Captains : RHP Andy Washburn
Now at 2B: Brian Fry
Batting: LHB Steve Diamond 0-0: Foul Ball, location: 2F
0-1: Swinging Strike
0-2: Strikes out swinging, 2-3 out at first.
Batting: RHB Jim Unknown 0-0: Called Strike
0-1: Foul Ball, location: 2F
0-2: Foul Ball, location: 3F
0-2: Strikes out swinging
Batting: RHB David Titsworth 0-0: Swinging Strike
0-1: Ball
1-1: Ball
2-1: Foul Ball, location: 2F
2-2: Ground out 6-3 (Groundball, 6S, EV 76.3 MPH)
Top of the 9th over - 0 runs, 0 hits, 0 errors, 0 left on base; West Michigan 1 - Lake County 17
Thursday, May 2nd , 2024 - OOTP Baseball 24.11 Build 85